 Dungeon Sprint DCSS version 0.23-a0-681-g26ad783 (webtiles) character file.

40558 Lanoc the Wrestler (level 13, -3/145 HPs)
             Began as a Troll Monk on Jan 10, 2019.
             Was the Champion of Qazlal.
             Slain by a frost giant
             ... wielding a +0 battleaxe of freezing
              (19 damage)
             ... in the Dungeon (Sprint IX: "|||||||||||||||||||||||||||||").
             The game lasted 00:15:55 (2716 turns).

Lanoc the Wrestler (Troll Monk)                     Turns: 2716, Time: 00:15:57

Health: -3/145     AC: 18    Str: 26    XL:     13   Next: 75%
Magic:  22/22      EV: 12    Int:  6    God:    Qazlal [******]
Gold:   1911       SH: 26    Dex: 12    Spells: 12/12 levels left

rFire    + + .     SeeInvis +     - Unarmed
rCold    . . .     Gourm    +   y - +1 large shield
rNeg     . . .     Faith    .   B - +1 fire dragon scales
rPois    .         Spirit   .   (helmet restricted)
rElec    .         Reflect  .   o - +0 cloak
rCorr    .         Harm     .   (gloves unavailable)
MR       .....     NoTele   +   (boots unavailable)
Stlth    ..........             (no amulet)
HPRegen  0.74/turn              a - ring of see invisible
MPRegen  0.18/turn              q - +2 ring of protection

@: protected from cold, repel missiles
A: large, unfitting armour, claws 3, fast metabolism 3, gourmand, regeneration
1, shaggy fur 1, tough skin 2
a: Upheaval, Elemental Force, Disaster Area, Renounce Religion


You were in the Dungeon.
You worshipped Qazlal.
Qazlal was exalted by your worship.
You were very full.

You visited 1 branch You collected 1911 gold pieces.

Inventory:

Hand Weapons
 n - the +8 demon blade "Bloodbane" {slice, *Rage +Rage Stlth-}
   (You found it in the Dungeon)

   It inflicts extra damage upon your enemies.
   It lets you go berserk.
   It may make you go berserk in combat.
   It makes you less stealthy.
Missiles
 w - 6 large rocks (quivered)
Armour
 o - a +0 cloak (worn)
 y - a +1 large shield (worn)
 B - +1 fire dragon scales (worn)
Jewellery
 a - a ring of see invisible (left claw)
 p - a +3 ring of intelligence
 q - a +2 ring of protection (right claw)
 x - an uncursed ring of poison resistance
Wands
 g - a wand of digging (6)
 m - a wand of acid (10)
 s - a wand of iceblast (15)
Scrolls
 h - 2 scrolls of blinking
 k - 4 scrolls of remove curse
 l - 2 scrolls of amnesia
 t - 2 scrolls of fear
 u - 8 scrolls of enchant weapon
 v - 4 scrolls of identify
Potions
 c - 9 potions of curing
 d - 7 potions of heal wounds
 e - a potion of haste
 f - 4 potions of magic
 j - a potion of invisibility
 r - 2 potions of agility
 C - a potion of might
 D - a potion of brilliance
Comestibles
 b - 13 rations
 i - 5 chunks of flesh


   Skills:
 + Level 13.8 Fighting
 + Level 7.8 Armour
 + Level 13.9 Dodging
 - Level 1.0 Stealth
 + Level 7.8 Shields
 * Level 21.3 Unarmed Combat
 + Level 14.0 Invocations


You had 12 spell levels left.
You didn't know any spells.
Your spell library was empty.

Dungeon Overview and Level Annotations

Branches:
Dungeon (1/1)

Altars:
Cheibriados
Dithmenos
Elyvilon
Fedhas
Gozag
Hepliaklqana
Kikubaaqudgha
Makhleb
Nemelex Xobeh
Okawaru
Qazlal
Ru
Sif Muna
Trog
Uskayaw
Vehumet
Wu Jian
Xom
Yredelemnul
Zin
The Shining One
Beogh
Jiyva
Lugonu

Shops:
D **[(


Innate Abilities, Weirdness & Mutations

You are too large for most types of armour.
You have claws for hands.
Your metabolism is lightning-fast.
You like to eat raw meat.
Your natural rate of healing is unusually fast.
You are covered in fur. (AC +1)
You have very tough skin. (AC +2)


Message History

You claw the frost giant!
The frost giant is lightly wounded.
You block the frost giant's attack.
You claw the frost giant!
The frost giant is lightly wounded.
The frost giant hits you with a +0 battleaxe of freezing!!
You feel more protected from physical attacks.
The frost giant freezes you.
* * * LOW HITPOINT WARNING * * *
You mangle the frost giant!!
The frost giant is heavily wounded.
A frost giant comes into view.
It is wielding a +0 battleaxe of freezing.
You scratch the frost giant but do no damage.
The frost giant is heavily wounded.
The frost giant hits you with a +0 battleaxe of freezing!!
* * * LOW HITPOINT WARNING * * *
Your resistance to physical damage fades away.
You feel protected from cold. The frost giant freezes you!!
You die...

.▓.▓)▓.▓.▓.▓.▓.▓
.▓.▓)▓.▓[▓.▓)▓.▓C▓
.▓.▓)▓.▓[▓.▓)▓.▓C▓
.▓.▓.▓.▓.▓.▓(▓.▓D▓
.▓.▓.▓.▓[▓.▓(▓.▓O▓
.▓.▓.▓.▓.▓.▓.▓.▓c▓
.▓.▓.▓.▓.▓)▓.▓.▓u▓
.▓.▓.▓.▓)▓.▓.▓.▓C▓
÷▓.▓.▓.▓)▓.▓.▓.▓@▓
.▓.▓)▓.▓)▓.▓.▓.▓[▓
.▓.▓)▓)▓)▓.▓÷▓.▓(▓
.▓.▓)▓.▓)▓.▓†▓.▓)▓
.▓.▓)▓.▓)▓.▓.▓.▓(▓
.▓.▓)▓.▓)▓.▓÷▓.▓.▓
.▓.▓)▓.▓)▓.▓'▓.▓.▓
[▓.▓)▓.▓.▓.▓.▓.▓.▓
[▓.▓'▓.▓=▓.▓.▓.▓.▓


You could see 2 frost giants, a red very ugly thing, an ice dragon, an ettin, an
ogre mage and a yaktaur.

Vanquished Creatures
  A frost giant (D)
  A ghost moth (D)
  4 stone giants (D)
  Nessos (D)
  A spark wasp (D)
  A fire dragon (D)
  A great orb of eyes (D)
  Erolcha (D)
  A hydra (D)
  A naga warrior (D)
  A rakshasa (D)
  A catoblepas (D)
  A ghost crab (D)
  A two-headed ogre (D)
  3 death yaks (D)
  A vampire mage (D)
  A deep troll shaman (D)
  A naga sharpshooter (D)
  Sonja (D)
  A salamander mystic (D)
  3 sea snakes (D)
  A hell knight (D)
  4 orc knights (D)
  A wolf spider (D)
  7 orc sorcerers (D)
  An ugly thing (D)
  A manticore (D)
  Maurice (D)
  8 black mambas (D)
  Joseph (D)
  A naga mage (D)
  A water nymph (D)
  A spiny frog (D)
  A rime drake (D)
  3 komodo dragons (D)
  A yaktaur (D)
  A demonic crawler (D)
  A jumping spider (D)
  A tyrant leech (D)
  A wind drake (D)
  2 slime creatures (D)
  2 snapping turtles (D)
  6 hippogriffs (D)
  A bog body (D)
  4 yaks (D)
  A redback (D)
  3 tarantellas (D)
  A wyvern (D)
  A hungry ghost (D)
  3 vampire mosquitoes (D)
  Grum (D)
  3 water moccasins (D)
  4 porcupines (D)
  8 orc warriors (D)
  A sky beast (D)
  A phantom (D)
  3 wolves (D)
  A centaur (D)
  3 bullfrogs (D)
  2 killer bees (D)
  3 crimson imps (D)
  10 orc wizards (D)
  4 orc priests (D)
  A hound (D)
  A jelly (D)
  An iguana (D)
  A shadow imp (D)
  A dart slug (D)
  6 orcs (D)
  2 goblins (D)
  A ball python (D)
  A giant cockroach zombie (D)
  A jackal skeleton (D)
  A rat (D)
150 creatures vanquished.

Vanquished Creatures (others)
  A swamp dragon (D)
  A hornet (D)
2 creatures vanquished.

Grand Total: 152 creatures vanquished

Notes
Turn   | Place    | Note
-------+----------+-------------------------------------------
     0 | D        | Lanoc the Troll Monk began the quest for the Orb.
     0 | D        | Reached XP level 1. HP: 22/22 MP: 0/0
    13 | D        | Reached skill level 4 in Unarmed Combat
   136 | D        | Noticed an iguana
   136 | D        | Noticed a centaur
   136 | D        | Noticed a crimson imp
   136 | D        | Noticed a crimson imp
   142 | D        | Killed a crimson imp
   142 | D        | Reached skill level 5 in Unarmed Combat
   142 | D        | Reached XP level 2. HP: 25/31 MP: 1/1
   142 | D        | Reached XP level 3. HP: 30/37 MP: 2/2
   148 | D        | Reached skill level 6 in Unarmed Combat
   148 | D        | Reached XP level 4. HP: 41/48 MP: 3/3
   154 | D        | Killed a centaur
   154 | D        | Reached skill level 7 in Unarmed Combat
   154 | D        | Reached XP level 5. HP: 22/55 MP: 4/4
   156 | D        | Reached skill level 5 in Fighting
   156 | D        | Reached skill level 5 in Dodging
   156 | D        | Reached skill level 8 in Unarmed Combat
   213 | D        | Found a roughly hewn altar of Beogh.
   213 | D        | Found a snail-covered altar of Cheibriados.
   213 | D        | Found a shadowy altar of Dithmenos.
   213 | D        | Found a white marble altar of Elyvilon.
   213 | D        | Found a blossoming altar of Fedhas.
   213 | D        | Found an opulent altar of Gozag.
   214 | D        | Found a hazy altar of Hepliaklqana.
   215 | D        | Found a viscous altar of Jiyva.
   216 | D        | Found an ancient bone altar of Kikubaaqudgha.
   217 | D        | Found a corrupted altar of Lugonu.
   218 | D        | Found a burning altar of Makhleb.
   219 | D        | Found a sparkling altar of Nemelex Xobeh.
   220 | D        | Found an iron altar of Okawaru.
   221 | D        | Found a stormy altar of Qazlal.
   222 | D        | Found a sacrificial altar of Ru.
   223 | D        | Found a deep blue altar of Sif Muna.
   224 | D        | Found a bloodstained altar of Trog.
   225 | D        | Found a hide-covered altar of Uskayaw.
   226 | D        | Found a radiant altar of Vehumet.
   227 | D        | Found an ornate altar of the Wu Jian Council.
   228 | D        | Found a shimmering altar of Xom.
   229 | D        | Became a worshipper of Qazlal Stormbringer
   229 | D        | Reached * piety under Qazlal
   229 | D        | Reached ** piety under Qazlal
   230 | D        | Found a basalt altar of Yredelemnul.
   231 | D        | Found a glowing silver altar of Zin.
   232 | D        | Found a glowing golden altar of the Shining One.
   241 | D        | Found the +8 demon blade "Bloodbane" {slice, *Rage +Rage
                  | Stlth-}
   265 | D        | Noticed a hungry ghost
   265 | D        | Noticed a hippogriff
   268 | D        | Reached skill level 1 in Invocations
   274 | D        | Reached skill level 9 in Unarmed Combat
   278 | D        | Killed a hippogriff
   278 | D        | Reached skill level 10 in Unarmed Combat
   278 | D        | Reached XP level 6. HP: 32/67 MP: 4/7
   288 | D        | Killed a hungry ghost
   288 | D        | Reached *** piety under Qazlal
   288 | D        | Reached XP level 7. HP: 31/76 MP: 5/9
   366 | D        | Noticed a hippogriff
   366 | D        | Noticed a hippogriff
   369 | D        | Reached skill level 11 in Unarmed Combat
   379 | D        | Reached skill level 5 in Invocations
   384 | D        | Killed a hippogriff
   384 | D        | Reached **** piety under Qazlal
   392 | D        | Killed a hippogriff
   392 | D        | Reached skill level 12 in Unarmed Combat
   392 | D        | Reached XP level 8. HP: 42/87 MP: 9/11
   580 | D        | Noticed a komodo dragon
   580 | D        | Noticed a black mamba
   581 | D        | Noticed a black mamba
   582 | D        | Noticed a black mamba
   590 | D        | Reached ***** piety under Qazlal
   598 | D        | Killed a black mamba
   598 | D        | Reached skill level 13 in Unarmed Combat
   611 | D        | Killed a komodo dragon
   611 | D        | Reached XP level 9. HP: 68/97 MP: 13/13
   618 | D        | Killed a black mamba
   623 | D        | Killed a black mamba
   623 | D        | Reached skill level 14 in Unarmed Combat
   781 | D        | Noticed a rime drake
   784 | D        | Noticed a komodo dragon
   787 | D        | Reached ****** piety under Qazlal
   789 | D        | Killed a rime drake
   793 | D        | Noticed a spiny frog
   800 | D        | Reached XP level 10. HP: 107/107 MP: 15/15
   805 | D        | Reached skill level 15 in Unarmed Combat
   809 | D        | Killed a spiny frog
   898 | D        | Noticed a death yak
   898 | D        | Noticed a death yak
   898 | D        | Noticed a death yak
   909 | D        | Killed a death yak
   909 | D        | Reached skill level 10 in Fighting
   909 | D        | Reached skill level 10 in Dodging
   911 | D        | Killed a death yak
   920 | D        | Killed a death yak
   920 | D        | Reached skill level 16 in Unarmed Combat
   926 | D        | Noticed a catoblepas
   931 | D        | Reached skill level 10 in Invocations
   935 | D        | Killed a catoblepas
   935 | D        | Reached XP level 11. HP: 48/119 MP: 17/17
  1059 | D        | Noticed Joseph
  1064 | D        | Noticed Maurice
  1070 | D        | Killed Joseph
  1073 | D        | Killed Maurice
  1288 | D        | Noticed an orc knight
  1288 | D        | Noticed an orc knight
  1288 | D        | Noticed an orc knight
  1299 | D        | Killed an orc knight
  1299 | D        | Reached skill level 17 in Unarmed Combat
  1307 | D        | Noticed an orc knight
  1314 | D        | Killed an orc knight
  1317 | D        | Killed an orc knight
  1329 | D        | HP: 2/120 [orc warrior/+0 short sword (11)]
  1341 | D        | Killed an orc knight
  1510 | D        | Found Qirphuamis's Antique Weapon Boutique.
  1510 | D        | Noticed an orc sorcerer
  1510 | D        | Noticed an orc sorcerer
  1510 | D        | Noticed an orc sorcerer
  1511 | D        | Noticed an orc sorcerer
  1512 | D        | Killed an orc sorcerer
  1515 | D        | Killed an orc sorcerer
  1516 | D        | Found Xusaam's Armour Shop.
  1521 | D        | Killed an orc sorcerer
  1528 | D        | Found Ydureas's General Store.
  1530 | D        | Noticed an orc sorcerer
  1531 | D        | Killed an orc sorcerer
  1531 | D        | Reached skill level 18 in Unarmed Combat
  1545 | D        | Killed an orc sorcerer
  1546 | D        | Noticed an orc sorcerer
  1550 | D        | Found Semoll's General Store.
  1554 | D        | Killed an orc sorcerer
  1593 | D        | Noticed an orc sorcerer
  1600 | D        | Killed an orc sorcerer
  1694 | D        | Noticed Grum
  1698 | D        | Killed Grum
  1818 | D        | Noticed a two-headed ogre
  1818 | D        | Noticed a red ugly thing
  1820 | D        | Killed a red ugly thing
  1823 | D        | Noticed a hell knight
  1825 | D        | Reached skill level 1 in Armour
  1825 | D        | Reached skill level 1 in Shields
  1828 | D        | Killed a two-headed ogre
  1828 | D        | Reached XP level 12. HP: 115/132 MP: 19/19
  1828 | D        | Noticed a fire dragon
  1831 | D        | Noticed a great orb of eyes
  1833 | D        | Noticed a stone giant
  1851 | D        | Killed a fire dragon
  1858 | D        | Killed a great orb of eyes
  1858 | D        | Reached skill level 19 in Unarmed Combat
  1864 | D        | Killed a stone giant
  1870 | D        | Noticed a stone giant
  1886 | D        | Killed a stone giant
  2032 | D        | Noticed Erolcha
  2047 | D        | Killed Erolcha
  2081 | D        | Noticed Sonja
  2121 | D        | Killed Sonja
  2321 | D        | Reached skill level 5 in Shields
  2332 | D        | Reached skill level 5 in Armour
  2352 | D        | Noticed a naga warrior
  2363 | D        | Killed a naga warrior
  2366 | D        | Reached skill level 20 in Unarmed Combat
  2376 | D        | Reached XP level 13. HP: 143/144 MP: 21/21
  2412 | D        | Noticed a spark wasp
  2412 | D        | Noticed a ghost moth
  2417 | D        | Killed a ghost moth
  2432 | D        | Killed a spark wasp
  2573 | D        | Noticed Nessos
  2583 | D        | Killed Nessos
  2672 | D        | Noticed a frost giant
  2672 | D        | Noticed a stone giant
  2673 | D        | Noticed a stone giant
  2682 | D        | Noticed a frost giant
  2686 | D        | Noticed a red very ugly thing
  2688 | D        | Killed a stone giant
  2688 | D        | Reached skill level 21 in Unarmed Combat
  2706 | D        | Killed a frost giant
  2707 | D        | Noticed an ettin
  2711 | D        | Killed a stone giant
  2715 | D        | Noticed a frost giant
  2716 | D        | Slain by a frost giant

Vault maps used:
D:        linesprint

Skill      XL: |  1  2  3  4  5  6  7  8  9 10 11 12 13 |
---------------+----------------------------------------+-----
Unarmed Combat | 5 6 7 10 12 13 14 16 18 20 21 | 21.3
Fighting       | 3 4 6 7 8 9 10 12 13 | 13.8
Dodging        | 3 4 6 7 8 9 10 12 13 | 13.9
Invocations    | 3 4 5 7 8 10 11 13 14 | 14.0
Armour         | 1 5 7 |  7.8
Shields        | 1 5 7 |  7.8
Stealth        | |  1.0

Action                   |  1- 3 |  4- 6 |  7- 9 | 10-12 | 13-15 || total
-------------------------+-------+-------+-------+-------+-------++-------
Melee: Unarmed           |    20 |    30 |   102 |   350 |   121 ||   623
       Punch             |     1 |     1 |     6 |    18 |       ||    26
Throw: Large rock        |       |       |       |       |     7 ||     7
  Use: Potion            |       |       |       |     4 |       ||     4
  Eat: Chunk             |     7 |       |    12 |    14 |     3 ||    36
Armor: Robe              |     4 |     7 |    14 |    16 |       ||    41
       Fire dragon scale |       |       |       |    24 |    52 ||    76
Dodge: Dodged            |    11 |    10 |    43 |    55 |    38 ||   157
       Deflected         |       |       |     1 |     4 |       ||     5
Block: Other             |       |     4 |    27 |    24 |       ||    55
       Large shield      |       |       |       |   162 |   136 ||   298

Table legend:
 A = Non-vault XP
 B = Vault XP
 C = Vault XP percentage of total XP
 D = Non-vault monster count
 E = Vault monster count
 F = Vault count percentage of total count
                 A         B        C        D         E       F
            +---------+---------+-------+---------+---------+-------
      Total |       0 |   57941 | 100.0 |       0 |     152 | 100.0
            +---------+---------+-------+---------+---------+-------
          D |       0 |   57941 | 100.0 |       0 |     152 | 100.0
            +---------+---------+-------+---------+---------+-------
